Workbook

Sheet Ene
B8: ENERO | E8: TOTAL INGRESOS | G8: =I23 -> 0 | I8: AHORRO MENSUAL
I9: =SUM(G8-G10) -> 0
E10: TOTAL GASTOS | G10: =I43 -> 0
B15: Ingresos | D15: Semana 1 | E15: Semana 2 | F15: Semana 3 | G15: Semana 4 | H15: Semana 5 | I15: Total
B16: Nóminas | I16: =SUM(D16:H16) -> 0
B17: Intereses | I17: =SUM(D17:H17) -> 0
B18: Rentas y alquileres | I18: =SUM(D18:H18) -> 0
B19: Becas y subvenciones | I19: =SUM(D19:H19) -> 0
B20: Ingresos extraordinarios | I20: =SUM(D20:H20) -> 0
B21: Ganancias Patrimoniales | I21: =SUM(D21:H21) -> 0
B22: Otros | I22: =SUM(D22:H22) -> 0
D23: =SUM(D16:D22) -> 0 | E23: =SUM(E16:E22) -> 0 | F23: =SUM(F16:F22) -> 0 | G23: =SUM(G16:G22) -> 0 | H23: =SUM(H16:H22) -> 0 | I23: =SUM(I16:I22) -> 0
B26: Gastos | D26: Semana 1 | E26: Semana 2 | F26: Semana 3 | G26: Semana 4 | H26: Semana 5 | I26: Total
B27: Alquiler o Hipoteca | I27: =SUM(D27:H27) -> 0
B28: Alimentación | I28: =SUM(D28:H28) -> 0
B29: Compras | I29: =SUM(D29:H29) -> 0
B30: Telefonía e Internet | I30: =SUM(D30:H30) -> 0
B31: Luz | I31: =SUM(D31:H31) -> 0
B32: Gas | I32: =SUM(D32:H32) -> 0
B33: Agua | I33: =SUM(D33:H33) -> 0
B34: Transporte y carburantes | I34: =SUM(D34:H34) -> 0
B35: Seguros | I35: =SUM(D35:H35) -> 0
B36: Impuestos, tasas y multas | I36: =SUM(D36:H36) -> 0
B37: Matrículas y cuotas | I37: =SUM(D37:H37) -> 0
B38: Ocio | I38: =SUM(D38:H38) -> 0
... B42: Otros | I42: =SUM(D42:H42) -> 0
D43: =SUM(D27:D42) -> 0 | E43: =SUM(E27:E42) -> 0 | F43: =SUM(F27:F42) -> 0 | G43: =SUM(G27:G42) -> 0 | H43: =SUM(H27:H42) -> 0 | I43: =SUM(I27:I42) -> 0

Sheet Feb
B8: FEBRERO | E8: TOTAL INGRESOS | G8: =I23 -> 0 | I8: AHORRO MENSUAL
I9: =SUM(G8-G10) -> 0
E10: TOTAL GASTOS | G10: =I43 -> 0
B15: Ingresos | D15: Semana 1 | E15: Semana 2 | F15: Semana 3 | G15: Semana 4 | H15: Semana 5 | I15: Total
B16: Nóminas | I16: =SUM(D16:H16) -> 0
B17: Intereses | I17: =SUM(D17:H17) -> 0
B18: Rentas y alquileres | I18: =SUM(D18:H18) -> 0
B19: Becas y subvenciones | I19: =SUM(D19:H19) -> 0
B20: Ingresos extraordinarios | I20: =SUM(D20:H20) -> 0
B21: Ganancias Patrimoniales | I21: =SUM(D21:H21) -> 0
B22: Otros | I22: =SUM(D22:H22) -> 0
D23: =SUM(D16:D22) -> 0 | E23: =SUM(E16:E22) -> 0 | F23: =SUM(F16:F22) -> 0 | G23: =SUM(G16:G22) -> 0 | H23: =SUM(H16:H22) -> 0 | I23: =SUM(I16:I22) -> 0
B26: Gastos | D26: Semana 1 | E26: Semana 2 | F26: Semana 3 | G26: Semana 4 | H26: Semana 5 | I26: Total
B27: Alquiler o Hipoteca | I27: =SUM(D27:H27) -> 0
B28: Alimentación | I28: =SUM(D28:H28) -> 0
B29: Compras | I29: =SUM(D29:H29) -> 0
B30: Telefonía e Internet | I30: =SUM(D30:H30) -> 0
B31: Luz | I31: =SUM(D31:H31) -> 0
B32: Gas | I32: =SUM(D32:H32) -> 0
B33: Agua | I33: =SUM(D33:H33) -> 0
B34: Transporte y carburantes | I34: =SUM(D34:H34) -> 0
B35: Seguros | I35: =SUM(D35:H35) -> 0
B36: Impuestos, tasas y multas | I36: =SUM(D36:H36) -> 0
B37: Matrículas y cuotas | I37: =SUM(D37:H37) -> 0
B38: Ocio | I38: =SUM(D38:H38) -> 0
... B42: Otros | I42: =SUM(D42:H42) -> 0
D43: =SUM(D27:D42) -> 0 | E43: =SUM(E27:E42) -> 0 | F43: =SUM(F27:F42) -> 0 | G43: =SUM(G27:G42) -> 0 | H43: =SUM(H27:H42) -> 0 | I43: =SUM(I27:I42) -> 0

Sheet Mar
B8: MARZO | E8: TOTAL INGRESOS | G8: =I23 -> 0 | I8: AHORRO MENSUAL
I9: =SUM(G8-G10) -> 0
E10: TOTAL GASTOS | G10: =I43 -> 0
B15: Ingresos | D15: Semana 1 | E15: Semana 2 | F15: Semana 3 | G15: Semana 4 | H15: Semana 5 | I15: Total
B16: Nóminas | I16: =SUM(D16:H16) -> 0
B17: Intereses | I17: =SUM(D17:H17) -> 0
B18: Rentas y alquileres | I18: =SUM(D18:H18) -> 0
B19: Becas y subvenciones | I19: =SUM(D19:H19) -> 0
B20: Ingresos extraordinarios | I20: =SUM(D20:H20) -> 0
B21: Ganancias Patrimoniales | I21: =SUM(D21:H21) -> 0
B22: Otros | I22: =SUM(D22:H22) -> 0
D23: =SUM(D16:D22) -> 0 | E23: =SUM(E16:E22) -> 0 | F23: =SUM(F16:F22) -> 0 | G23: =SUM(G16:G22) -> 0 | H23: =SUM(H16:H22) -> 0 | I23: =SUM(I16:I22) -> 0
B26: Gastos | D26: Semana 1 | E26: Semana 2 | F26: Semana 3 | G26: Semana 4 | H26: Semana 5 | I26: Total
B27: Alquiler o Hipoteca | I27: =SUM(D27:H27) -> 0
B28: Alimentación | I28: =SUM(D28:H28) -> 0
B29: Compras | I29: =SUM(D29:H29) -> 0
B30: Telefonía e Internet | I30: =SUM(D30:H30) -> 0
B31: Luz | I31: =SUM(D31:H31) -> 0
B32: Gas | I32: =SUM(D32:H32) -> 0
B33: Agua | I33: =SUM(D33:H33) -> 0
B34: Transporte y carburantes | I34: =SUM(D34:H34) -> 0
B35: Seguros | I35: =SUM(D35:H35) -> 0
B36: Impuestos, tasas y multas | I36: =SUM(D36:H36) -> 0
B37: Matrículas y cuotas | I37: =SUM(D37:H37) -> 0
B38: Ocio | I38: =SUM(D38:H38) -> 0
... B42: Otros | I42: =SUM(D42:H42) -> 0
D43: =SUM(D27:D42) -> 0 | E43: =SUM(E27:E42) -> 0 | F43: =SUM(F27:F42) -> 0 | G43: =SUM(G27:G42) -> 0 | H43: =SUM(H27:H42) -> 0 | I43: =SUM(I27:I42) -> 0

Sheet Abr
B8: ABRIL | E8: TOTAL INGRESOS | G8: =I23 -> 0 | I8: AHORRO MENSUAL
I9: =SUM(G8-G10) -> 0
E10: TOTAL GASTOS | G10: =I43 -> 0
B15: Ingresos | D15: Semana 1 | E15: Semana 2 | F15: Semana 3 | G15: Semana 4 | H15: Semana 5 | I15: Total
B16: Nóminas | I16: =SUM(D16:H16) -> 0
B17: Intereses | I17: =SUM(D17:H17) -> 0
B18: Rentas y alquileres | I18: =SUM(D18:H18) -> 0
B19: Becas y subvenciones | I19: =SUM(D19:H19) -> 0
B20: Ingresos extraordinarios | I20: =SUM(D20:H20) -> 0
B21: Ganancias Patrimoniales | I21: =SUM(D21:H21) -> 0
B22: Otros | I22: =SUM(D22:H22) -> 0
D23: =SUM(D16:D22) -> 0 | E23: =SUM(E16:E22) -> 0 | F23: =SUM(F16:F22) -> 0 | G23: =SUM(G16:G22) -> 0 | H23: =SUM(H16:H22) -> 0 | I23: =SUM(I16:I22) -> 0
B26: Gastos | D26: Semana 1 | E26: Semana 2 | F26: Semana 3 | G26: Semana 4 | H26: Semana 5 | I26: Total
B27: Alquiler o Hipoteca | I27: =SUM(D27:H27) -> 0
B28: Alimentación | I28: =SUM(D28:H28) -> 0
B29: Compras | I29: =SUM(D29:H29) -> 0
B30: Telefonía e Internet | I30: =SUM(D30:H30) -> 0
B31: Luz | I31: =SUM(D31:H31) -> 0
B32: Gas | I32: =SUM(D32:H32) -> 0
B33: Agua | I33: =SUM(D33:H33) -> 0
B34: Transporte y carburantes | I34: =SUM(D34:H34) -> 0
B35: Seguros | I35: =SUM(D35:H35) -> 0
B36: Impuestos, tasas y multas | I36: =SUM(D36:H36) -> 0
B37: Matrículas y cuotas | I37: =SUM(D37:H37) -> 0
B38: Ocio | I38: =SUM(D38:H38) -> 0
... B42: Otros | I42: =SUM(D42:H42) -> 0
D43: =SUM(D27:D42) -> 0 | E43: =SUM(E27:E42) -> 0 | F43: =SUM(F27:F42) -> 0 | G43: =SUM(G27:G42) -> 0 | H43: =SUM(H27:H42) -> 0 | I43: =SUM(I27:I42) -> 0

Sheet Jun
B8: JUNIO | E8: TOTAL INGRESOS | G8: =I23 -> 0 | I8: AHORRO MENSUAL
I9: =SUM(G8-G10) -> 0
E10: TOTAL GASTOS | G10: =I43 -> 0
B15: Ingresos | D15: Semana 1 | E15: Semana 2 | F15: Semana 3 | G15: Semana 4 | H15: Semana 5 | I15: Total
B16: Nóminas | I16: =SUM(D16:H16) -> 0
B17: Intereses | I17: =SUM(D17:H17) -> 0
B18: Rentas y alquileres | I18: =SUM(D18:H18) -> 0
B19: Becas y subvenciones | I19: =SUM(D19:H19) -> 0
B20: Ingresos extraordinarios | I20: =SUM(D20:H20) -> 0
B21: Ganancias Patrimoniales | I21: =SUM(D21:H21) -> 0
B22: Otros | I22: =SUM(D22:H22) -> 0
D23: =SUM(D16:D22) -> 0 | E23: =SUM(E16:E22) -> 0 | F23: =SUM(F16:F22) -> 0 | G23: =SUM(G16:G22) -> 0 | H23: =SUM(H16:H22) -> 0 | I23: =SUM(I16:I22) -> 0
B26: Gastos | D26: Semana 1 | E26: Semana 2 | F26: Semana 3 | G26: Semana 4 | H26: Semana 5 | I26: Total
B27: Alquiler o Hipoteca | I27: =SUM(D27:H27) -> 0
B28: Alimentación | I28: =SUM(D28:H28) -> 0
B29: Compras | I29: =SUM(D29:H29) -> 0
B30: Telefonía e Internet | I30: =SUM(D30:H30) -> 0
B31: Luz | I31: =SUM(D31:H31) -> 0
B32: Gas | I32: =SUM(D32:H32) -> 0
B33: Agua | I33: =SUM(D33:H33) -> 0
B34: Transporte y carburantes | I34: =SUM(D34:H34) -> 0
B35: Seguros | I35: =SUM(D35:H35) -> 0
B36: Impuestos, tasas y multas | I36: =SUM(D36:H36) -> 0
B37: Matrículas y cuotas | I37: =SUM(D37:H37) -> 0
B38: Ocio | I38: =SUM(D38:H38) -> 0
... B42: Otros | I42: =SUM(D42:H42) -> 0
D43: =SUM(D27:D42) -> 0 | E43: =SUM(E27:E42) -> 0 | F43: =SUM(F27:F42) -> 0 | G43: =SUM(G27:G42) -> 0 | H43: =SUM(H27:H42) -> 0 | I43: =SUM(I27:I42) -> 0

Sheet May
B8: MAYO | E8: TOTAL INGRESOS | G8: =I23 -> 0 | I8: AHORRO MENSUAL
I9: =SUM(G8-G10) -> 0
E10: TOTAL GASTOS | G10: =I43 -> 0
B15: Ingresos | D15: Semana 1 | E15: Semana 2 | F15: Semana 3 | G15: Semana 4 | H15: Semana 5 | I15: Total
B16: Nóminas | I16: =SUM(D16:H16) -> 0
B17: Intereses | I17: =SUM(D17:H17) -> 0
B18: Rentas y alquileres | I18: =SUM(D18:H18) -> 0
B19: Becas y subvenciones | I19: =SUM(D19:H19) -> 0
B20: Ingresos extraordinarios | I20: =SUM(D20:H20) -> 0
B21: Ganancias Patrimoniales | I21: =SUM(D21:H21) -> 0
B22: Otros | I22: =SUM(D22:H22) -> 0
D23: =SUM(D16:D22) -> 0 | E23: =SUM(E16:E22) -> 0 | F23: =SUM(F16:F22) -> 0 | G23: =SUM(G16:G22) -> 0 | H23: =SUM(H16:H22) -> 0 | I23: =SUM(I16:I22) -> 0
B26: Gastos | D26: Semana 1 | E26: Semana 2 | F26: Semana 3 | G26: Semana 4 | H26: Semana 5 | I26: Total
B27: Alquiler o Hipoteca | I27: =SUM(D27:H27) -> 0
B28: Alimentación | I28: =SUM(D28:H28) -> 0
B29: Compras | I29: =SUM(D29:H29) -> 0
B30: Telefonía e Internet | I30: =SUM(D30:H30) -> 0
B31: Luz | I31: =SUM(D31:H31) -> 0
B32: Gas | I32: =SUM(D32:H32) -> 0
B33: Agua | I33: =SUM(D33:H33) -> 0
B34: Transporte y carburantes | I34: =SUM(D34:H34) -> 0
B35: Seguros | I35: =SUM(D35:H35) -> 0
B36: Impuestos, tasas y multas | I36: =SUM(D36:H36) -> 0
B37: Matrículas y cuotas | I37: =SUM(D37:H37) -> 0
B38: Ocio | I38: =SUM(D38:H38) -> 0
... B42: Otros | I42: =SUM(D42:H42) -> 0
D43: =SUM(D27:D42) -> 0 | E43: =SUM(E27:E42) -> 0 | F43: =SUM(F27:F42) -> 0 | G43: =SUM(G27:G42) -> 0 | H43: =SUM(H27:H42) -> 0 | I43: =SUM(I27:I42) -> 0

Sheet Jul
B8: JULIO | E8: TOTAL INGRESOS | G8: =I23 -> 0 | I8: AHORRO MENSUAL
I9: =SUM(G8-G10) -> 0
E10: TOTAL GASTOS | G10: =I43 -> 0
B15: Ingresos | D15: Semana 1 | E15: Semana 2 | F15: Semana 3 | G15: Semana 4 | H15: Semana 5 | I15: Total
B16: Nóminas | I16: =SUM(D16:H16) -> 0
B17: Intereses | I17: =SUM(D17:H17) -> 0
B18: Rentas y alquileres | I18: =SUM(D18:H18) -> 0
B19: Becas y subvenciones | I19: =SUM(D19:H19) -> 0
B20: Ingresos extraordinarios | I20: =SUM(D20:H20) -> 0
B21: Ganancias Patrimoniales | I21: =SUM(D21:H21) -> 0
B22: Otros | I22: =SUM(D22:H22) -> 0
D23: =SUM(D16:D22) -> 0 | E23: =SUM(E16:E22) -> 0 | F23: =SUM(F16:F22) -> 0 | G23: =SUM(G16:G22) -> 0 | H23: =SUM(H16:H22) -> 0 | I23: =SUM(I16:I22) -> 0
B26: Gastos | D26: Semana 1 | E26: Semana 2 | F26: Semana 3 | G26: Semana 4 | H26: Semana 5 | I26: Total
B27: Alquiler o Hipoteca | I27: =SUM(D27:H27) -> 0
B28: Alimentación | I28: =SUM(D28:H28) -> 0
B29: Compras | I29: =SUM(D29:H29) -> 0
B30: Telefonía e Internet | I30: =SUM(D30:H30) -> 0
B31: Luz | I31: =SUM(D31:H31) -> 0
B32: Gas | I32: =SUM(D32:H32) -> 0
B33: Agua | I33: =SUM(D33:H33) -> 0
B34: Transporte y carburantes | I34: =SUM(D34:H34) -> 0
B35: Seguros | I35: =SUM(D35:H35) -> 0
B36: Impuestos, tasas y multas | I36: =SUM(D36:H36) -> 0
B37: Matrículas y cuotas | I37: =SUM(D37:H37) -> 0
B38: Ocio | I38: =SUM(D38:H38) -> 0
... B42: Otros | I42: =SUM(D42:H42) -> 0
D43: =SUM(D27:D42) -> 0 | E43: =SUM(E27:E42) -> 0 | F43: =SUM(F27:F42) -> 0 | G43: =SUM(G27:G42) -> 0 | H43: =SUM(H27:H42) -> 0 | I43: =SUM(I27:I42) -> 0

Sheet Sep
B8: SEPTIEMBRE | E8: TOTAL INGRESOS | G8: =I23 -> 0 | I8: AHORRO MENSUAL
I9: =SUM(G8-G10) -> 0
E10: TOTAL GASTOS | G10: =I43 -> 0
B15: Ingresos | D15: Semana 1 | E15: Semana 2 | F15: Semana 3 | G15: Semana 4 | H15: Semana 5 | I15: Total
B16: Nóminas | I16: =SUM(D16:H16) -> 0
B17: Intereses | I17: =SUM(D17:H17) -> 0
B18: Rentas y alquileres | I18: =SUM(D18:H18) -> 0
B19: Becas y subvenciones | I19: =SUM(D19:H19) -> 0
B20: Ingresos extraordinarios | I20: =SUM(D20:H20) -> 0
B21: Ganancias Patrimoniales | I21: =SUM(D21:H21) -> 0
B22: Otros | I22: =SUM(D22:H22) -> 0
D23: =SUM(D16:D22) -> 0 | E23: =SUM(E16:E22) -> 0 | F23: =SUM(F16:F22) -> 0 | G23: =SUM(G16:G22) -> 0 | H23: =SUM(H16:H22) -> 0 | I23: =SUM(I16:I22) -> 0
B26: Gastos | D26: Semana 1 | E26: Semana 2 | F26: Semana 3 | G26: Semana 4 | H26: Semana 5 | I26: Total
B27: Alquiler o Hipoteca | I27: =SUM(D27:H27) -> 0
B28: Alimentación | I28: =SUM(D28:H28) -> 0
B29: Compras | I29: =SUM(D29:H29) -> 0
B30: Telefonía e Internet | I30: =SUM(D30:H30) -> 0
B31: Luz | I31: =SUM(D31:H31) -> 0
B32: Gas | I32: =SUM(D32:H32) -> 0
B33: Agua | I33: =SUM(D33:H33) -> 0
B34: Transporte y carburantes | I34: =SUM(D34:H34) -> 0
B35: Seguros | I35: =SUM(D35:H35) -> 0
B36: Impuestos, tasas y multas | I36: =SUM(D36:H36) -> 0
B37: Matrículas y cuotas | I37: =SUM(D37:H37) -> 0
B38: Ocio | I38: =SUM(D38:H38) -> 0
... B42: Otros | I42: =SUM(D42:H42) -> 0
D43: =SUM(D27:D42) -> 0 | E43: =SUM(E27:E42) -> 0 | F43: =SUM(F27:F42) -> 0 | G43: =SUM(G27:G42) -> 0 | H43: =SUM(H27:H42) -> 0 | I43: =SUM(I27:I42) -> 0

Sheet Ago
B8: AGOSTO | E8: TOTAL INGRESOS | G8: =I23 -> 0 | I8: AHORRO MENSUAL
I9: =SUM(G8-G10) -> 0
E10: TOTAL GASTOS | G10: =I43 -> 0
B15: Ingresos | D15: Semana 1 | E15: Semana 2 | F15: Semana 3 | G15: Semana 4 | H15: Semana 5 | I15: Total
B16: Nóminas | I16: =SUM(D16:H16) -> 0
B17: Intereses | I17: =SUM(D17:H17) -> 0
B18: Rentas y alquileres | I18: =SUM(D18:H18) -> 0
B19: Becas y subvenciones | I19: =SUM(D19:H19) -> 0
B20: Ingresos extraordinarios | I20: =SUM(D20:H20) -> 0
B21: Ganancias Patrimoniales | I21: =SUM(D21:H21) -> 0
B22: Otros | I22: =SUM(D22:H22) -> 0
D23: =SUM(D16:D22) -> 0 | E23: =SUM(E16:E22) -> 0 | F23: =SUM(F16:F22) -> 0 | G23: =SUM(G16:G22) -> 0 | H23: =SUM(H16:H22) -> 0 | I23: =SUM(I16:I22) -> 0
B26: Gastos | D26: Semana 1 | E26: Semana 2 | F26: Semana 3 | G26: Semana 4 | H26: Semana 5 | I26: Total
B27: Alquiler o Hipoteca | I27: =SUM(D27:H27) -> 0
B28: Alimentación | I28: =SUM(D28:H28) -> 0
B29: Compras | I29: =SUM(D29:H29) -> 0
B30: Telefonía e Internet | I30: =SUM(D30:H30) -> 0
B31: Luz | I31: =SUM(D31:H31) -> 0
B32: Gas | I32: =SUM(D32:H32) -> 0
B33: Agua | I33: =SUM(D33:H33) -> 0
B34: Transporte y carburantes | I34: =SUM(D34:H34) -> 0
B35: Seguros | I35: =SUM(D35:H35) -> 0
B36: Impuestos, tasas y multas | I36: =SUM(D36:H36) -> 0
B37: Matrículas y cuotas | I37: =SUM(D37:H37) -> 0
B38: Ocio | I38: =SUM(D38:H38) -> 0
... B42: Otros | I42: =SUM(D42:H42) -> 0
D43: =SUM(D27:D42) -> 0 | E43: =SUM(E27:E42) -> 0 | F43: =SUM(F27:F42) -> 0 | G43: =SUM(G27:G42) -> 0 | H43: =SUM(H27:H42) -> 0 | I43: =SUM(I27:I42) -> 0

Sheet Oct
B8: OCTUBRE | E8: TOTAL INGRESOS | G8: =I23 -> 0 | I8: AHORRO MENSUAL
I9: =SUM(G8-G10) -> 0
E10: TOTAL GASTOS | G10: =I43 -> 0
B15: Ingresos | D15: Semana 1 | E15: Semana 2 | F15: Semana 3 | G15: Semana 4 | H15: Semana 5 | I15: Total
B16: Nóminas | I16: =SUM(D16:H16) -> 0
B17: Intereses | I17: =SUM(D17:H17) -> 0
B18: Rentas y alquileres | I18: =SUM(D18:H18) -> 0
B19: Becas y subvenciones | I19: =SUM(D19:H19) -> 0
B20: Ingresos extraordinarios | I20: =SUM(D20:H20) -> 0
B21: Ganancias Patrimoniales | I21: =SUM(D21:H21) -> 0
B22: Otros | I22: =SUM(D22:H22) -> 0
D23: =SUM(D16:D22) -> 0 | E23: =SUM(E16:E22) -> 0 | F23: =SUM(F16:F22) -> 0 | G23: =SUM(G16:G22) -> 0 | H23: =SUM(H16:H22) -> 0 | I23: =SUM(I16:I22) -> 0
B26: Gastos | D26: Semana 1 | E26: Semana 2 | F26: Semana 3 | G26: Semana 4 | H26: Semana 5 | I26: Total
B27: Alquiler o Hipoteca | I27: =SUM(D27:H27) -> 0
B28: Alimentación | I28: =SUM(D28:H28) -> 0
B29: Compras | I29: =SUM(D29:H29) -> 0
B30: Telefonía e Internet | I30: =SUM(D30:H30) -> 0
B31: Luz | I31: =SUM(D31:H31) -> 0
B32: Gas | I32: =SUM(D32:H32) -> 0
B33: Agua | I33: =SUM(D33:H33) -> 0
B34: Transporte y carburantes | I34: =SUM(D34:H34) -> 0
B35: Seguros | I35: =SUM(D35:H35) -> 0
B36: Impuestos, tasas y multas | I36: =SUM(D36:H36) -> 0
B37: Matrículas y cuotas | I37: =SUM(D37:H37) -> 0
B38: Ocio | I38: =SUM(D38:H38) -> 0
... B42: Otros | I42: =SUM(D42:H42) -> 0
D43: =SUM(D27:D42) -> 0 | E43: =SUM(E27:E42) -> 0 | F43: =SUM(F27:F42) -> 0 | G43: =SUM(G27:G42) -> 0 | H43: =SUM(H27:H42) -> 0 | I43: =SUM(I27:I42) -> 0

Sheet Nov
B8: NOVIEMBRE | E8: TOTAL INGRESOS | G8: =I23 -> 0 | I8: AHORRO MENSUAL
I9: =SUM(G8-G10) -> 0
E10: TOTAL GASTOS | G10: =I43 -> 0
B15: Ingresos | D15: Semana 1 | E15: Semana 2 | F15: Semana 3 | G15: Semana 4 | H15: Semana 5 | I15: Total
B16: Nóminas | I16: =SUM(D16:H16) -> 0
B17: Intereses | I17: =SUM(D17:H17) -> 0
B18: Rentas y alquileres | I18: =SUM(D18:H18) -> 0
B19: Becas y subvenciones | I19: =SUM(D19:H19) -> 0
B20: Ingresos extraordinarios | I20: =SUM(D20:H20) -> 0
B21: Ganancias Patrimoniales | I21: =SUM(D21:H21) -> 0
B22: Otros | I22: =SUM(D22:H22) -> 0
D23: =SUM(D16:D22) -> 0 | E23: =SUM(E16:E22) -> 0 | F23: =SUM(F16:F22) -> 0 | G23: =SUM(G16:G22) -> 0 | H23: =SUM(H16:H22) -> 0 | I23: =SUM(I16:I22) -> 0
B26: Gastos | D26: Semana 1 | E26: Semana 2 | F26: Semana 3 | G26: Semana 4 | H26: Semana 5 | I26: Total
B27: Alquiler o Hipoteca | I27: =SUM(D27:H27) -> 0
B28: Alimentación | I28: =SUM(D28:H28) -> 0
B29: Compras | I29: =SUM(D29:H29) -> 0
B30: Telefonía e Internet | I30: =SUM(D30:H30) -> 0
B31: Luz | I31: =SUM(D31:H31) -> 0
B32: Gas | I32: =SUM(D32:H32) -> 0
B33: Agua | I33: =SUM(D33:H33) -> 0
B34: Transporte y carburantes | I34: =SUM(D34:H34) -> 0
B35: Seguros | I35: =SUM(D35:H35) -> 0
B36: Impuestos, tasas y multas | I36: =SUM(D36:H36) -> 0
B37: Matrículas y cuotas | I37: =SUM(D37:H37) -> 0
B38: Ocio | I38: =SUM(D38:H38) -> 0
... B42: Otros | I42: =SUM(D42:H42) -> 0
D43: =SUM(D27:D42) -> 0 | E43: =SUM(E27:E42) -> 0 | F43: =SUM(F27:F42) -> 0 | G43: =SUM(G27:G42) -> 0 | H43: =SUM(H27:H42) -> 0 | I43: =SUM(I27:I42) -> 0

Sheet Dic
B8: DICIEMBRE | E8: TOTAL INGRESOS | G8: =I23 -> 0 | I8: AHORRO MENSUAL
I9: =SUM(G8-G10) -> 0
E10: TOTAL GASTOS | G10: =I43 -> 0
B15: Ingresos | D15: Semana 1 | E15: Semana 2 | F15: Semana 3 | G15: Semana 4 | H15: Semana 5 | I15: Total
B16: Nóminas | I16: =SUM(D16:H16) -> 0
B17: Intereses | I17: =SUM(D17:H17) -> 0
B18: Rentas y alquileres | I18: =SUM(D18:H18) -> 0
B19: Becas y subvenciones | I19: =SUM(D19:H19) -> 0
B20: Ingresos extraordinarios | I20: =SUM(D20:H20) -> 0
B21: Ganancias Patrimoniales | I21: =SUM(D21:H21) -> 0
B22: Otros | I22: =SUM(D22:H22) -> 0
D23: =SUM(D16:D22) -> 0 | E23: =SUM(E16:E22) -> 0 | F23: =SUM(F16:F22) -> 0 | G23: =SUM(G16:G22) -> 0 | H23: =SUM(H16:H22) -> 0 | I23: =SUM(I16:I22) -> 0
B26: Gastos | D26: Semana 1 | E26: Semana 2 | F26: Semana 3 | G26: Semana 4 | H26: Semana 5 | I26: Total
B27: Alquiler o Hipoteca | I27: =SUM(D27:H27) -> 0
B28: Alimentación | I28: =SUM(D28:H28) -> 0
B29: Compras | I29: =SUM(D29:H29) -> 0
B30: Telefonía e Internet | I30: =SUM(D30:H30) -> 0
B31: Luz | I31: =SUM(D31:H31) -> 0
B32: Gas | I32: =SUM(D32:H32) -> 0
B33: Agua | I33: =SUM(D33:H33) -> 0
B34: Transporte y carburantes | I34: =SUM(D34:H34) -> 0
B35: Seguros | I35: =SUM(D35:H35) -> 0
B36: Impuestos, tasas y multas | I36: =SUM(D36:H36) -> 0
B37: Matrículas y cuotas | I37: =SUM(D37:H37) -> 0
B38: Ocio | I38: =SUM(D38:H38) -> 0
... B42: Otros | I42: =SUM(D42:H42) -> 0
D43: =SUM(D27:D42) -> 0 | E43: =SUM(E27:E42) -> 0 | F43: =SUM(F27:F42) -> 0 | G43: =SUM(G27:G42) -> 0 | H43: =SUM(H27:H42) -> 0 | I43: =SUM(I27:I42) -> 0

Sheet Resumen Anual
B8: RESUMEN ANUAL | F8: TOTAL INGRESOS | H8: =P22 -> 0 | J8: AHORRO ANUAL
F9: TOTAL GASTOS | H9: =P42 -> 0 | J9: =H8-H9 -> 0
B14: Ingresos | D14: Enero | E14: Febrero | F14: Marzo | G14: Abril | H14: Mayo | I14: Junio | J14: Julio | K14: Agosto | L14: Septiembre | M14: Octubre | N14: Noviembre | O14: Diciembre | P14: Total
B15: Nóminas | D15: =Ene!I16 -> 0 | E15: =Feb!I16 -> 0 | F15: =Mar!I16 -> 0 | G15: =Abr!I16 -> 0 | H15: =May!I16 -> 0 | I15: =Jun!I16 -> 0 | J15: =Jul!I16 -> 0 | K15: =Ago!I16 -> 0 | L15: =Sep!I16 -> 0 | M15: =Oct!I16 -> 0 | N15: =Nov!I16 -> 0 | O15: =Dic!I16 -> 0 | P15: =SUM(D15:O15) -> 0
B16: Intereses | D16: =Ene!I17 -> 0 | E16: =Feb!I17 -> 0 | F16: =Mar!I17 -> 0 | G16: =Abr!I17 -> 0 | H16: =May!I17 -> 0 | I16: =Jun!I17 -> 0 | J16: =Jul!I17 -> 0 | K16: =Ago!I17 -> 0 | L16: =Sep!I17 -> 0 | M16: =Oct!I17 -> 0 | N16: =Nov!I17 -> 0 | O16: =Dic!I17 -> 0 | P16: =SUM(D16:O16) -> 0
B17: Rentas y alquileres | D17: =Ene!I18 -> 0 | E17: =Feb!I18 -> 0 | F17: =Mar!I18 -> 0 | G17: =Abr!I18 -> 0 | H17: =May!I18 -> 0 | I17: =Jun!I18 -> 0 | J17: =Jul!I18 -> 0 | K17: =Ago!I18 -> 0 | L17: =Sep!I18 -> 0 | M17: =Oct!I18 -> 0 | N17: =Nov!I18 -> 0 | O17: =Dic!I18 -> 0 | P17: =SUM(D17:O17) -> 0
B18: Becas y subvenciones | D18: =Ene!I19 -> 0 | E18: =Feb!I19 -> 0 | F18: =Mar!I19 -> 0 | G18: =Abr!I19 -> 0 | H18: =May!I19 -> 0 | I18: =Jun!I19 -> 0 | J18: =Jul!I19 -> 0 | K18: =Ago!I19 -> 0 | L18: =Sep!I19 -> 0 | M18: =Oct!I19 -> 0 | N18: =Nov!I19 -> 0 | O18: =Dic!I19 -> 0 | P18: =SUM(D18:O18) -> 0
B19: Ingresos extraordinarios | D19: =Ene!I20 -> 0 | E19: =Feb!I20 -> 0 | F19: =Mar!I20 -> 0 | G19: =Abr!I20 -> 0 | H19: =May!I20 -> 0 | I19: =Jun!I20 -> 0 | J19: =Jul!I20 -> 0 | K19: =Ago!I20 -> 0 | L19: =Sep!I20 -> 0 | M19: =Oct!I20 -> 0 | N19: =Nov!I20 -> 0 | O19: =Dic!I20 -> 0 | P19: =SUM(D19:O19) -> 0
B20: Ganancias Patrimoniales | D20: =Ene!I21 -> 0 | E20: =Feb!I21 -> 0 | F20: =Mar!I21 -> 0 | G20: =Abr!I21 -> 0 | H20: =May!I21 -> 0 | I20: =Jun!I21 -> 0 | J20: =Jul!I21 -> 0 | K20: =Ago!I21 -> 0 | L20: =Sep!I21 -> 0 | M20: =Oct!I21 -> 0 | N20: =Nov!I21 -> 0 | O20: =Dic!I21 -> 0 | P20: =SUM(D20:O20) -> 0
B21: Otros | D21: =Ene!I22 -> 0 | E21: =Feb!I22 -> 0 | F21: =Mar!I22 -> 0 | G21: =Abr!I22 -> 0 | H21: =May!I22 -> 0 | I21: =Jun!I22 -> 0 | J21: =Jul!I22 -> 0 | K21: =Ago!I22 -> 0 | L21: =Sep!I22 -> 0 | M21: =Oct!I22 -> 0 | N21: =Nov!I22 -> 0 | O21: =Dic!I22 -> 0 | P21: =SUM(D21:O21) -> 0
D22: =SUM(D15:D21) -> 0 | E22: =SUM(E15:E21) -> 0 | F22: =SUM(F15:F21) -> 0 | G22: =SUM(G15:G21) -> 0 | H22: =SUM(H15:H21) -> 0 | I22: =SUM(I15:I21) -> 0 | J22: =SUM(J15:J21) -> 0 | K22: =SUM(K15:K21) -> 0 | ... P22: =SUM(P15:P21) -> 0
B25: Gastos | D25: Enero | E25: Febrero | F25: Marzo | G25: Abril | H25: Mayo | I25: Junio | J25: Julio | K25: Agosto | L25: Septiembre | M25: Octubre | N25: Noviembre | O25: Diciembre | P25: Total
B26: Alquiler o Hipoteca | D26: =Ene!I27 -> 0 | E26: =Feb!I27 -> 0 | F26: =Mar!I27 -> 0 | G26: =Abr!I27 -> 0 | H26: =May!I27 -> 0 | I26: =Jun!I27 -> 0 | J26: =Jul!I27 -> 0 | K26: =Ago!I27 -> 0 | L26: =Sep!I27 -> 0 | M26: =Oct!I27 -> 0 | N26: =Nov!I27 -> 0 | O26: =Dic!I27 -> 0 | P26: =SUM(D26:O26) -> 0
B27: Alimentación | D27: =Ene!I28 -> 0 | E27: =Feb!I28 -> 0 | F27: =Mar!I28 -> 0 | G27: =Abr!I28 -> 0 | H27: =May!I28 -> 0 | I27: =Jun!I28 -> 0 | J27: =Jul!I28 -> 0 | K27: =Ago!I28 -> 0 | L27: =Sep!I28 -> 0 | M27: =Oct!I28 -> 0 | N27: =Nov!I28 -> 0 | O27: =Dic!I28 -> 0 | P27: =SUM(D27:O27) -> 0
B28: Compras | D28: =Ene!I29 -> 0 | E28: =Feb!I29 -> 0 | F28: =Mar!I29 -> 0 | G28: =Abr!I29 -> 0 | H28: =May!I29 -> 0 | I28: =Jun!I29 -> 0 | J28: =Jul!I29 -> 0 | K28: =Ago!I29 -> 0 | L28: =Sep!I29 -> 0 | M28: =Oct!I29 -> 0 | N28: =Nov!I29 -> 0 | O28: =Dic!I29 -> 0 | P28: =SUM(D28:O28) -> 0
B29: Telefonía e Internet | D29: =Ene!I30 -> 0 | E29: =Feb!I30 -> 0 | F29: =Mar!I30 -> 0 | G29: =Abr!I30 -> 0 | H29: =May!I30 -> 0 | I29: =Jun!I30 -> 0 | J29: =Jul!I30 -> 0 | K29: =Ago!I30 -> 0 | L29: =Sep!I30 -> 0 | M29: =Oct!I30 -> 0 | N29: =Nov!I30 -> 0 | O29: =Dic!I30 -> 0 | P29: =SUM(D29:O29) -> 0
B30: Luz | D30: =Ene!I31 -> 0 | E30: =Feb!I31 -> 0 | F30: =Mar!I31 -> 0 | G30: =Abr!I31 -> 0 | H30: =May!I31 -> 0 | I30: =Jun!I31 -> 0 | J30: =Jul!I31 -> 0 | K30: =Ago!I31 -> 0 | L30: =Sep!I31 -> 0 | M30: =Oct!I31 -> 0 | N30: =Nov!I31 -> 0 | O30: =Dic!I31 -> 0 | P30: =SUM(D30:O30) -> 0
B31: Gas | D31: =Ene!I32 -> 0 | E31: =Feb!I32 -> 0 | F31: =Mar!I32 -> 0 | G31: =Abr!I32 -> 0 | H31: =May!I32 -> 0 | I31: =Jun!I32 -> 0 | J31: =Jul!I32 -> 0 | K31: =Ago!I32 -> 0 | L31: =Sep!I32 -> 0 | M31: =Oct!I32 -> 0 | N31: =Nov!I32 -> 0 | O31: =Dic!I32 -> 0 | P31: =SUM(D31:O31) -> 0
B32: Agua | D32: =Ene!I33 -> 0 | E32: =Feb!I33 -> 0 | F32: =Mar!I33 -> 0 | G32: =Abr!I33 -> 0 | H32: =May!I33 -> 0 | I32: =Jun!I33 -> 0 | J32: =Jul!I33 -> 0 | K32: =Ago!I33 -> 0 | L32: =Sep!I33 -> 0 | M32: =Oct!I33 -> 0 | N32: =Nov!I33 -> 0 | O32: =Dic!I33 -> 0 | P32: =SUM(D32:O32) -> 0
B33: Transporte y carburantes | D33: =Ene!I34 -> 0 | E33: =Feb!I34 -> 0 | F33: =Mar!I34 -> 0 | G33: =Abr!I34 -> 0 | H33: =May!I34 -> 0 | I33: =Jun!I34 -> 0 | J33: =Jul!I34 -> 0 | K33: =Ago!I34 -> 0 | L33: =Sep!I34 -> 0 | M33: =Oct!I34 -> 0 | N33: =Nov!I34 -> 0 | O33: =Dic!I34 -> 0 | P33: =SUM(D33:O33) -> 0
B34: Seguros | D34: =Ene!I35 -> 0 | E34: =Feb!I35 -> 0 | F34: =Mar!I35 -> 0 | G34: =Abr!I35 -> 0 | H34: =May!I35 -> 0 | I34: =Jun!I35 -> 0 | J34: =Jul!I35 -> 0 | K34: =Ago!I35 -> 0 | L34: =Sep!I35 -> 0 | M34: =Oct!I35 -> 0 | N34: =Nov!I35 -> 0 | O34: =Dic!I35 -> 0 | P34: =SUM(D34:O34) -> 0
B35: Impuestos, tasas y multas | D35: =Ene!I36 -> 0 | E35: =Feb!I36 -> 0 | F35: =Mar!I36 -> 0 | G35: =Abr!I36 -> 0 | H35: =May!I36 -> 0 | I35: =Jun!I36 -> 0 | J35: =Jul!I36 -> 0 | K35: =Ago!I36 -> 0 | L35: =Sep!I36 -> 0 | M35: =Oct!I36 -> 0 | N35: =Nov!I36 -> 0 | O35: =Dic!I36 -> 0 | P35: =SUM(D35:O35) -> 0
B36: Matrículas y cuotas | D36: =Ene!I37 -> 0 | E36: =Feb!I37 -> 0 | F36: =Mar!I37 -> 0 | G36: =Abr!I37 -> 0 | H36: =May!I37 -> 0 | I36: =Jun!I37 -> 0 | J36: =Jul!I37 -> 0 | K36: =Ago!I37 -> 0 | L36: =Sep!I37 -> 0 | M36: =Oct!I37 -> 0 | N36: =Nov!I37 -> 0 | O36: =Dic!I37 -> 0 | P36: =SUM(D36:O36) -> 0
B37: Ocio | D37: =Ene!I38 -> 0 | E37: =Feb!I38 -> 0 | F37: =Mar!I38 -> 0 | G37: =Abr!I38 -> 0 | H37: =May!I38 -> 0 | I37: =Jun!I38 -> 0 | J37: =Jul!I38 -> 0 | K37: =Ago!I38 -> 0 | L37: =Sep!I38 -> 0 | M37: =Oct!I38 -> 0 | N37: =Nov!I38 -> 0 | O37: =Dic!I38 -> 0 | P37: =SUM(D37:O37) -> 0
... B41: Otros | D41: =Ene!I42 -> 0 | E41: =Feb!I42 -> 0 | F41: =Mar!I42 -> 0 | G41: =Abr!I42 -> 0 | H41: =May!I42 -> 0 | I41: =Jun!I42 -> 0 | J41: =Jul!I42 -> 0 | K41: =Ago!I42 -> 0 | L41: =Sep!I42 -> 0 | M41: =Oct!I42 -> 0 | N41: =Nov!I42 -> 0 | O41: =Dic!I42 -> 0 | P41: =SUM(D41:O41) -> 0
D42: =SUM(D26:D41) -> 0 | E42: =SUM(E26:E41) -> 0 | F42: =SUM(F26:F41) -> 0 | G42: =SUM(G26:G41) -> 0 | H42: =SUM(H26:H41) -> 0 | I42: =SUM(I26:I41) -> 0 | J42: =SUM(J26:J41) -> 0 | K42: =SUM(K26:K41) -> 0 | ... P42: =SUM(P26:P41) -> 0
B44: TOTAL (INGRESOS-GASTOS) | D44: =D22-D42 -> 0 | E44: =E22-E42 -> 0 | F44: =F22-F42 -> 0 | G44: =G22-G42 -> 0 | H44: =H22-H42 -> 0 | I44: =I22-I42 -> 0 | J44: =J22-J42 -> 0 | K44: =K22-K42 -> 0 | ... P44: =P22-P42 -> 0
